 Dungeon Crawl Stone Soup version 0.30.1-9-gdf580d7c3d (webtiles) character file.

Game seed: 11428824323459662400

538 fleeber the Magician (level 7, -6/58 HPs)
             Began as a Djinni Conjurer on Sept 25, 2023.
             Was a Follower of Makhleb.
             Shot with an arrow by a centaur (8 damage)
             ... on level 5 of the Dungeon.
             The game lasted 00:11:55 (3834 turns).

fleeber the Magician (Djinni Conjurer)              Turns: 3834, Time: 00:11:56

Health: -6/58      AC:  5    Str:  8    XL:     7   Next: 51%
Gold:   44         EV: 13    Int: 19    God:    Makhleb [*.....] SH:  0 Dex: 12

rFire   + + .        d - +5 scythe (vamp)
rCold   + . .        (shield currently unavailable)
rNeg    . . .        m - +1 robe {rC+}
rPois   ∞            (no helmet)
rElec   .            i - +0 cloak
rCorr   .            y - +0 pair of gloves
SInv    .            (boots unavailable)
Will    .....        (no amulet)
Stlth   ++           h - ring of protection from cold
HPRegen 0.29/turn    (no ring)
MPRegen 0.00/turn

%: infuse magic (-7 HP)
@: flying, hasted, very quick
A: sickness immunity, fire resistance 2, cold vulnerability 1, float, innate
caster, HP casting, extra vitality 1, robust 1, MP-powered wands
a: Renounce Religion


You were on level 5 of the Dungeon.
You worshipped Makhleb.
Makhleb was aware of your devotion.
You visited 1 branch of the dungeon, and saw 5 of its levels.

You collected 141 gold pieces.
You spent 97 gold pieces at shops.

Inventory:

Hand Weapons
 d - a +5 vampiric scythe (weapon)
Missiles
 z - a throwing net
Armour
 i - a +0 cloak (worn)
 m - a +1 robe of cold resistance (worn)
 y - a +0 pair of gloves (worn)
Jewellery
 h - a ring of protection from cold (left hand)
Wands
 x - a wand of mindburst (12)
Scrolls
 a - a scroll of brand weapon
 b - 3 scrolls of poison
 c - a scroll of noise
 e - 2 scrolls of enchant weapon {unknown}
 g - a scroll of immolation {unknown}
 j - a scroll of identify
 l - a scroll of silence {unknown}
 n - a scroll of fog {unknown}
 r - a scroll of fear {unknown}
 s - a scroll of vulnerability {unknown}
 t - 2 scrolls of amnesia
Potions
 f - a potion of mutation
 k - a potion of brilliance
 p - a potion of curing {unknown}
 q - a potion of flight
 u - a potion of might {unknown}
 v - a potion of magic {unknown}


   Skills:
 * Level 4.5 Fighting
 + Level 4.1 Dodging
 - Level 1.5 Stealth
 * Level 4.9 Spellcasting


You knew the following spells:

 Your Spells              Type           Power      Damage    Failure   Level
a - Magic Dart            Conj           92%        1d7       1%          1
b - Searing Ray           Conj           46%        2d6       2%          2
c - Fulminant Prism       Conj/Hex       11%        3d8       17%         4
d - Iskenderun's Mystic   Conj/Tloc      23%        2d6       17%         4
e - Call Imp              Summ           46%        N/A       2%          2
f - Summon Small Mammal   Summ           92%        N/A       1%          1
g - Ensorcelled Hibernat  Hex/Ice        46%        N/A       2%          2
h - Dazzling Flash        Conj/Hex       46%        N/A       4%          3
Your spell library was empty.

Dungeon Overview and Level Annotations

Branches:
Dungeon (5/15)
 Temple: D:4-7

Altars:
Ashenzari
Makhleb
Qazlal
Wu Jian

Shops:
D:4 *


Innate Abilities, Weirdness & Mutations

You are immune to sickness and miasma.
You are immune to poison.
Your flesh is very heat resistant. (rF++)
You are vulnerable to cold. (rC-)
You float through the air rather than walking.
You learn spells naturally, not from books.
Your magical power is your life essence.
You have superior vitality. (+4 MHP)
You are robust. (+10% HP)
You expend health (3 HP) to strengthen your wands.


Message History

You can't see any susceptible monsters within range! (Use Z to cast anyway.)
A tiny devil pulls itself out of the air.
You swap places.
The centaur shoots an arrow.
The arrow hits your cerulean imp.
The centaur shoots an arrow.
The arrow hits your cerulean imp!
Your cerulean imp dies!
Your cerulean imp disappears in a puff of smoke!
A tiny devil pulls itself out of the air.
The centaur shoots an arrow.
The arrow hits you!
You swap places.
The centaur shoots an arrow.
The arrow hits your cerulean imp!
Your cerulean imp dies!
Your cerulean imp disappears in a puff of smoke!
The centaur shoots an arrow.
The arrow hits you.
Blink to where?
Press: ? - help, Dir - move target, p - centaur
As you read the scroll of blinking, it crumbles to dust.
You can't see any susceptible monsters within range! (Use Z to cast anyway.)
Aiming: Searing Ray (safe; 2% risk of failure)
Press: ? - help, Shift-Dir - straight line, f - centaur
Aim: a centaur, wielding a +0 shortbow (87% to hit)
The searing ray hits the centaur!
The centaur is heavily wounded. (Press . to maintain the ray.)
The centaur shoots an arrow.
The arrow hits you!
* * * LOW HITPOINT WARNING * * *
The searing ray hits the centaur.
The centaur is heavily wounded.
* * * LOW HITPOINT WARNING * * *
The centaur shoots an arrow.
The arrow hits you!
* * * LOW HITPOINT WARNING * * *
You don't have enough health to cast this spell.
Okay, then.
Okay, then.
Blink to where?
Press: ? - help, Dir - move target, p - centaur A jelly and a phantom come into view.
Found a stone staircase leading down.
As you read the scroll of blinking, it crumbles to dust.
You feel yourself speed up.
The centaur shoots an arrow.
The arrow hits you!
You die...

#.#.#.........#<#.............
#.#.####.##c#.#.##############
#.#.#....##.#.........
#.#.#c#####c#.#######. #.#.#.#
#.#.# #.#.#§#####.#.#
#.#.#.##......# #.#
#.#.#.##W.....##..J.#
#...#.##.....@.......
#####c#####.####...#. #.# #.#
.# #.# #.. #.. #... #... #....


You could see a phantom (dormant), a centaur and a jelly.

Vanquished Creatures
  Sigmund (D:4)
  A scorpion (D:5)
  A crimson imp (D:3)
  A hound (D:5)
  An orc priest (D:4)
  2 orc wizards (D:4)
  10 gnolls
  An adder (D:2)
  2 worms
  A dart slug (D:1)
  An orc (D:4)
  3 bats
  6 endoplasms
  A giant cockroach (D:2)
  8 hobgoblins
  2 kobolds
  4 quokkas
  7 ball pythons
  3 goblins (D:2)
  3 rats
59 creatures vanquished.

Notes
Turn   | Place    | Note
-------+----------+-------------------------------------------
     0 | D:1      | fleeber the Djinni Conjurer began the quest for the Orb.
     0 | D:1      | fleeber set off with the following spells memorised: Magic
                  | Dart, Searing Ray, Dazzling Flash, Fulminant Prism,
                  | Iskenderun's Mystic Blast.
     0 | D:1      | Reached XP level 1. HP: 15/15 MP: 0/0
   147 | D:1      | Reached XP level 2. HP: 20/22 MP: 0/0
   208 | D:1      | Found a faded altar of an unknown god.
   410 | D:1      | Reached skill level 1 in Fighting
   774 | D:2      | Reached XP level 3. HP: 23/27 MP: 0/0
   774 | D:2      | Learned a level 1 spell: Summon Small Mammal
  1055 | D:2      | Found a stormy altar of Qazlal.
  1446 | D:3      | Found a burning altar of Makhleb.
  1461 | D:3      | Reached XP level 4. HP: 18/33 MP: 0/0
  1521 | D:3      | Became a worshipper of Makhleb the Destroyer
  1820 | D:3      | Found a broken altar of Ashenzari.
  2144 | D:3      | Found an ornate altar of the Wu Jian Council.
  2328 | D:3      | Gained mutation: You are robust. (+10% HP) [potion of
                  | mutation]
  2328 | D:3      | Gained mutation: You expend health (3 HP) to strengthen
                  | your wands. [potion of mutation]
  2362 | D:4      | Reached XP level 5. HP: 38/42 MP: 0/0
  2362 | D:4      | Learned a level 2 spell: Ensorcelled Hibernation
  2623 | D:4      | Noticed Sigmund
  2630 | D:4      | Killed Sigmund
  2631 | D:4      | Reached XP level 6. HP: 29/51 MP: 0/0
  2863 | D:4      | Found Nojanie's General Store.
  2869 | D:4      | Bought a scroll of blinking for 97 gold pieces
  2970 | D:4      | Reached * piety under Makhleb
  3001 | D:4      | Reached XP level 7. HP: 28/57 MP: 0/0
  3001 | D:4      | Learned a level 2 spell: Call Imp
  3427 | D:5      | Entered Level 5 of the Dungeon
  3832 | D:5      | HP: 1/58 [centaur/arrow (10)]
  3834 | D:5      | Shot with an arrow by a centaur

Illustrated notes

Levels and vault maps discovered:
D:1:      minmay_arrival_radiant_lines, layout_basic, basic_ecumenical_altar,
          minmay_tromino_v4_a
D:2:      layout_rooms, basic_altar
D:3:      layout_basic, grunt_temple_overflow_lords_of_destruction,
          mainiacjoe_overflow_alcove_1, cheibrodos_ashenzari_chains,
          kennysheep_flooded_box, minmay_misc_feat_columns, chequers_garden,
          dk_vineyard_3, minivault_27
D:4:      layout_loops_ring, serial_shops, shop, uniq_sigmund
D:5:      layout_basic, xom_teletrap_fun

Skill      XL: |  1  2  3  4  5  6  7 |
---------------+----------------------+-----
Fighting       | 1 2 3 4 |  4.5
Dodging        | 3 4 |  4.1
Spellcasting   | 4 |  4.9
Stealth        | |  1.5

Action                     |  1- 3 |  4- 6 |  7- 9 || total
---------------------------+-------+-------+-------++-------
   Cast: Magic Dart        |    66 |    60 |    13 ||   139
         Searing Ray       |       |    14 |     6 ||    20
         Call Imp          |       |       |     4 ||     4
    Use: Potion            |       |     5 |     1 ||     6
         Scroll            |       |     4 |     2 ||     6
 Armour: Robe              |     1 |     1 |       ||     2
  Dodge: Dodged            |     2 |       |     1 ||     3
